 Dungeon Crawl Stone Soup version 0.22-a0-293-gc9362ec (webtiles) character file.

17 Amnesiac the Magician (level 2, -2/16 HPs)
             Began as a Deep Elf Wizard on Mar 24, 2018.
             Slain by an adder (3 damage)
             ... on level 2 of the Dungeon.
             The game lasted 00:01:05 (964 turns).

Amnesiac the Magician (Deep Elf Wizard)              Turns: 964, Time: 00:01:05

Health: -2/16      AC:  2    Str:  4    XL:     2   Next: 44%
Magic:  0/9        EV: 13    Int: 22    God:
Gold:   29         SH:  0    Dex: 13    Spells: 9/10 levels left

rFire    + . .     SeeInvis .   (no weapon)
rCold    + . .     Gourm    .   (no shield)
rNeg     . . .     Faith    .   a - +0 robe
rPois    +         Spirit   +   (no helmet)
rElec    +         Reflect  .   (no cloak)
rCorr    +         Harm     .   (no gloves)
MR       .....                  (no boots)
Stlth    ++........             e - amulet of guardian spirit
HPRegen  0.05/turn              (no ring)
MPRegen  0.11/turn              (no ring)

@: lethally poisoned (-2 -> -7), resistant
A: no striking features
a: no special abilities


You were on level 2 of the Dungeon.
You were not hungry.

You visited 1 branch of the dungeon, and saw 2 of its levels.

You collected 29 gold pieces.

Inventory:

Armour
 a - a +0 robe (worn)
Jewellery
 e - an amulet of guardian spirit (around neck)
 i - a cursed ring of loudness {unknown}
Scrolls
 h - a scroll of magic mapping {!r}
Comestibles
 d - 3 rations


   Skills:
 + Level 0.7 Fighting
 - Level 2.4 Dodging
 - Level 2.4 Stealth
 - Level 4.5 Spellcasting
 * Level 2.3 Conjurations
   Level 1.1 Summonings
   Level 1.1 Translocations


You had 9 spell levels left.
You knew the following spells:

 Your Spells              Type           Power        Failure   Level  Hunger
a - Magic Dart            Conj           ###.         4%          1    None


Dungeon Overview and Level Annotations

Branches:
Dungeon (2/15)

Altars:


Message History

The adder bites you. The adder bites you.
Really quaff
b - 2 sapphire potions {!q}?
It was a potion of curing {!q}.
You feel better. The adder bites you but does no damage. The adder misses you.
There is an open door here.
The adder bites you.
You are poisoned.
The adder poisons you!
You feel sick. The adder bites you.
* * * LOW HITPOINT WARNING * * *
Really read
c - a scroll labeled QIMUETHR GALYR {!r}?
As you read the scroll labeled QIMUETHR GALYR {!r}, it crumbles to dust.
The scroll dissolves into smoke.
It was a scroll of fog {!r}.
You feel sick. The adder bites you.
* * * LOW HITPOINT WARNING * * *
You are lethally poisoned!
The adder poisons you! The adder bites you but does no damage.
Okay, then.
The adder bites you.
* * * LOW HITPOINT WARNING * * *
You are more poisoned.
The adder poisons you! The adder closely misses you.
You open the door.
* * * LOW HITPOINT WARNING * * *
You feel sick. The adder barely misses you. x3
Found 12 gold pieces.
* * * LOW HITPOINT WARNING * * *
You feel sick.
There is an open door here.
Really quaff
b - a potion of curing {!q}?
You feel better. The adder bites you.
* * * LOW HITPOINT WARNING * * *
You are poisoned.
The adder poisons you! The adder bites you.
* * * LOW HITPOINT WARNING * * *
Really read
h - 2 scrolls labeled GAT FIASTYCI {!r}?
As you read the scroll labeled GAT FIASTYCI {!r}, it crumbles to dust.
You feel aware of your surroundings.
It was a scroll of magic mapping {!r}.
* * * LOW HITPOINT WARNING * * *
You feel sick. The adder completely misses you. The adder barely misses you.
Okay, then.
A kobold comes into view. It is wielding a short sword.
You see here 12 gold pieces.
Really quaff
g - a lumpy emerald potion {!q}?
It was a potion of resistance {!q}.
You feel protected.
* * * LOW HITPOINT WARNING * * *
You feel sick. The adder bites you but does no damage.
The adder closely misses you.
Casting: Magic Dart (safe; 4% risk of failure)
Confirm with . or Enter, or press ? or * to list all spells.
Aiming: Magic Dart (safe; 4% risk of failure)
Press: ? - help, Shift-Dir - straight line, f/p - adder
Aim: an adder (moderately wounded)
The magic dart hits the adder.
The adder is heavily wounded.
* * * LOW HITPOINT WARNING * * *
You feel sick.
The kobold shouts!
The adder bites you.
You die...

****,,,*,,,*,***,,**,*,*
* ****,,,,,,* *,,**,*,* *
**,,,*,***,,,,,,,* *****
**,**,,,,,,**,*** ,>,,*
*,**********,* ,**,* *,*
*,* ,**,* ##+#* *,* ,**,*
##>..## ######.###*
,**,*##.....###.@..K....*
,,,,##.......##S###.###.*
,***#.....§...#S##...#*,*
,,,,+.....§§§§'.......#,*
,,,,#.....§§§§#.##....#,*
,**,##....§§§##.#**.#.#,*
*,*,*##...§§###..,,,..,,*
**,,* ##...## ####***.#**
*,*,* ##'## *,#


You could see 2 adders and a kobold.

Vanquished Creatures
  3 bats
  A giant cockroach (D:1)
  2 hobgoblins (D:1)
  3 frilled lizards (D:1)
  A goblin (D:1)
  4 kobolds
  3 rats (D:1)
17 creatures vanquished.

Notes
Turn   | Place    | Note
-------+----------+-------------------------------------------
     0 | D:1      | Amnesiac the Deep Elf Wizard began the quest for the Orb.
     0 | D:1      | Reached XP level 1. HP: 10/10 MP: 7/7
   273 | D:1      | Reached XP level 2. HP: 14/16 MP: 0/9
   964 | D:2      | Slain by an adder

Vault maps used:
D:1:      onia_arrival_pentagram, serial_forest, infiniplex_forest_zigzag_1,
          infiniplex_forest_clump_curved, infiniplex_forest_straight_2,
          infiniplex_forest_straight_1, infiniplex_forest_side_room,
          infiniplex_forest_lined_4_way
D:2:      minmay_bisected, uniq_robin, uniq_jessica

Skill      XL: |  1  2 |
---------------+-------+-----
Conjurations   | 2 |  2.3
Fighting       | |  0.7
Dodging        | |  2.4
Stealth        | |  2.4
Spellcasting   | |  4.5
Summonings     | |  1.1
Translocations | |  1.1

Action                   || total
-------------------------++-------
 Cast: Magic Dart        ||    44
  Use: Potion            ||     3
       Scroll            ||     2
Armor: Robe              ||     5
Dodge: Dodged            ||    21

Table legend:
 A = Spawn XP
 B = Non-spawn XP
 C = Spawn XP percentage of total XP
 D = Spawn monster count
 E = Non-spawn monster count
 F = Spawn count percentage of total count
 G = Total turns spent on level
                    A         B        C        D         E        F      G
               +---------+---------+-------+---------+---------+-------+---------
         Total |       0 |      25 |   0.0 |       0 |      17 |   0.0 |   964
               +---------+---------+-------+---------+---------+-------+---------
           D:1 |       0 |      21 |   0.0 |       0 |      15 |   0.0 |   910
           D:2 |       0 |       4 |   0.0 |       0 |       2 |   0.0 |    54
               +---------+---------+-------+---------+---------+-------+---------
